 Dungeon Crawl Stone Soup version 0.21.1-1-g345015f (webtiles) character file.

123 keltmir the Poker (level 4, -1/35 HPs)
             Began as a Demonspawn Gladiator on Mar 26, 2018.
             Slain by an orc
             ... wielding a +0 hand axe
              (7 damage)
             ... on level 2 of the Dungeon.
             The game lasted 00:06:21 (2276 turns).

keltmir the Poker (Demonspawn Gladiator)            Turns: 2276, Time: 00:06:21

Health: -1/35      AC:  6    Str: 15    XL:     4   Next: 79%
Magic:  4/4        EV: 13    Int:  9    God:
Gold:   71         SH:  0    Dex: 15    Spells: 3/3 levels left

rFire    . . .     SeeInvis .   a - +0 trident
rCold    . . .     Gourm    .   (no shield)
rNeg     . . .     Faith    .   b - +0 leather armour
rPois    .         Spirit   .   c - +0 helmet
rElec    .         Reflect  .   (no cloak)
rCorr    .         Harm     .   (no gloves)
MR       .....                  (no boots)
Stlth    ++........             (no amulet)
HPRegen  0.11/turn              (no ring)
MPRegen  0.09/turn              (no ring)

@: no status effects
A: yellow scales 1, nightstalker 1
a: no special abilities


You were on level 2 of the Dungeon.
You were not hungry.

You visited 1 branch of the dungeon, and saw 3 of its levels.

You collected 71 gold pieces.

Inventory:

Hand Weapons
 a - a +0 trident (weapon)
 i - a +0 mace of draining
Missiles
 d - 5 throwing nets (quivered)
 k - 31 poisoned needles
Armour
 b - a +0 leather armour (worn)
 c - a +0 helmet (worn)
 n - a +0 ring mail
Jewellery
 g - a cursed amulet of inaccuracy {unknown}
 s - an uncursed amulet of harm {unknown}
Wands
 p - a wand of paralysis (9)
Scrolls
 e - a scroll of teleportation {unknown}
 l - a scroll of remove curse
 m - a scroll of immolation {unknown}
 o - a scroll of fear {unknown}
 r - a scroll of amnesia {unknown}
Potions
 j - a potion of agility {unknown}
Comestibles
 f - 3 rations
 q - a chunk of flesh


   Skills:
 + Level 3.0 Fighting
 * Level 4.1 Polearms
 - Level 1.7 Throwing
 + Level 1.7 Armour
 - Level 2.6 Dodging


You had 3 spell levels left.
You didn't know any spells.

Dungeon Overview and Level Annotations

Branches:
Dungeon (3/15)

Altars:


Innate Abilities, Weirdness & Mutations

You are partially covered in yellow scales. (AC +2)
You are slightly more attuned to the shadows.


Message History

You barely miss the orc.
The orc is heavily wounded.
The orc barely misses you. x2
You hit the orc.
The orc is almost dead.
The orc barely misses you. The orc closely misses you.
You barely miss the orc.
The orc is severely wounded.
The orc hits you with a flail!
* * * LOW HITPOINT WARNING * * *
The orc misses you.
You barely miss the orc.
The orc is severely wounded.
The orc hits you with a flail.
* * * LOW HITPOINT WARNING * * *
The orc misses you.
You feel better. The orc hits you with a flail.
* * * LOW HITPOINT WARNING * * *
The orc hits you with a hand axe!
You die...

..##...# #... ..##...# ##.#
..##...# #.# .#####.# ###.#
.#####)# ########### #.#..
.......# #.........#######.###
.############.........##.........
...........##....o....##.####.#.#
##########.##...@.(...........#.#
#.##..o.).......###..#.#
#.##............##....^.
#####.##............#....###
#...#.##.........######.##
#.#.#.##.......).# #.#
#.#.#............# #.#
#.#..............# #.#
######.....#################.#


You could see 2 orcs.

Vanquished Creatures
  An orc priest (D:2)
  4 adders
  2 oozes
  A worm (D:2)
  3 dart slugs
  A leopard gecko (D:3)
  An orc (D:3)
  2 giant cockroaches
  5 goblins
  4 hobgoblins
  A ball python (D:2)
  5 bats
  3 frilled lizards
  6 kobolds
  A rat (D:2)
40 creatures vanquished.

Notes
Turn   | Place    | Note
-------+----------+-------------------------------------------
     0 | D:1      | keltmir the Demonspawn Gladiator began the quest for the Orb.
     0 | D:1      | Reached XP level 1. HP: 16/16 MP: 1/1
   113 | D:1      | Reached skill level 3 in Polearms
   118 | D:1      | Gained mutation: You are slightly more attuned to the shadows. [demonic ancestry]
   118 | D:1      | Reached XP level 2. HP: 16/22 MP: 2/2
   919 | D:2      | Reached skill level 1 in Armour
  1043 | D:2      | Gained mutation: You are partially covered in yellow scales. (AC +2) [demonic ancestry]
  1043 | D:2      | Reached XP level 3. HP: 17/28 MP: 3/3
  1600 | D:2      | Reached XP level 4. HP: 34/34 MP: 4/4
  2184 | D:2      | Reached skill level 4 in Polearms
  2276 | D:2      | Slain by an orc

Skill      XL: |  1  2  3  4 |
---------------+-------------+-----
Polearms       | 3 4 |  4.1
Armour         | 1 |  1.7
Fighting       | 3 |  3.0
Throwing       | |  1.7
Dodging        | |  2.6

Action                   |  1- 3 |  4- 6 || total
-------------------------+-------+-------++-------
Melee: Trident           |   101 |    59 ||   160
  Use: Scroll            |     1 |     1 ||     2
       Potion            |       |     1 ||     1
 Stab: Sleeping          |     6 |     3 ||     9
  Eat: Chunk             |     1 |     3 ||     4
Armor: Leather armour    |    26 |    13 ||    39
Dodge: Dodged            |    68 |    42 ||   110
